 Dungeon Crawl Stone Soup version 0.27-a0-668-gb5737ff2c0 (webtiles) character file.

Game seed: 169773031189942343

114 theanonym the Sneak (level 4, -1/37 HPs)
             Began as a Mummy Delver on Mar 17, 2021.
             Slain by a kobold
             ... wielding a +1 short sword of electrocution
              (20 damage)
             ... on level 3 of the Dungeon.
             The game lasted 00:06:09 (3031 turns).

theanonym the Sneak (Mummy Delver)                  Turns: 3031, Time: 00:06:09

Health: -1/37      AC:  7    Str: 16    XL:     4   Next: 67%
Magic:  4/4        EV: 11    Int:  9    God:
Gold:   30         SH:  0    Dex: 13    Spells: 3/3 levels left

rFire    x . .     SeeInvis .   a - +3 executioner's axe
rCold    + + .     Faith    .   (shield currently unavailable)
rNeg     + + +     Spirit   .   i - +0 ring mail
rPois    ∞         Reflect  .   (no helmet)
rElec    .         Harm     .   j - +1 cloak
rCorr    .         Rampage  .   (no gloves)
Will     +....                  (no boots)
Stlth    ++........             (no amulet)
HPRegen  0.12/turn              l - ring of willpower
MPRegen  0.09/turn              b - ring of protection from cold

@: no status effects
A: cold resistance 1, negative energy resistance 3, torment resistance 2,
unbreathing 1, heat vulnerability 1, no potions
a: no special abilities


Innate Abilities, Weirdness & Mutations

You are immune to poison.
Your flesh is cold resistant. (rC+)
You are immune to negative energy. (rN+++)
You are immune to unholy pain and torment.
You can survive without breathing.
You are vulnerable to heat. (rF-)
You do not drink.


   Skills:
 + Level 3.7 Fighting
 * Level 0.3(2.2) Axes
 - Level 3.5(3.6) Maces & Flails
 - Level 1.5 Dodging
 - Level 4.1 Stealth


You had 3 spell levels left.
You didn't know any spells.
Your spell library was empty.

Skill      XL: |  1  2  3 |
---------------+----------+-----
Maces & Flails | 2 3 |  3.5
Fighting       | |  3.7
Axes           | |  0.3
Dodging        | |  1.5
Stealth        | |  4.1

Action                   |  1- 3 |  4- 6 || total
-------------------------+-------+-------++-------
Melee: Mace              |    98 |       ||    98
       Flail             |    12 |    44 ||    56
       Executioner's axe |       |    10 ||    10
Throw: Dart              |     9 |    19 ||    28
  Use: Scroll            |       |     4 ||     4
 Stab: Sleeping          |     4 |       ||     4
Armor: Leather armour    |     4 |       ||     4
       Ring mail         |    37 |    21 ||    58
Dodge: Dodged            |    79 |    30 ||   109

Inventory:

Hand Weapons
 a - a +3 executioner's axe (weapon)
 o - a +0 flail
Missiles
 n - 14 poisoned darts (quivered)
Armour
 i - a +0 ring mail (worn)
 j - a +1 cloak (worn)
Jewellery
 b - a ring of protection from cold (left hand)
 l - a ring of willpower (right hand)
Wands
 c - a wand of digging (3)
Scrolls
 d - a scroll of random uselessness
 e - a scroll of fear
 f - a scroll of fog
 m - a scroll of blinking {unknown}
 r - a scroll of identify
 t - a scroll of teleportation
 y - 3 scrolls of magic mapping


You were on level 3 of the Dungeon.
You visited 1 branch of the dungeon, and saw 5 of its levels.

You collected 30 gold pieces.

Dungeon Overview and Level Annotations

Branches:
Dungeon (5/15)
 Temple: D:4-7

Altars:
Nemelex Xobeh

##### ##...## ##.....##
#...(...# #.......#
#...K...# #..@..#
####...##
########..##'#######+##
##...(.#................
##........#......|.......
#......!..#..............
#.........####'#######+##
#..........##...##
#<........##.....##


You could see a kobold.

Notes
Turn   | Place    | Note
-------+----------+-------------------------------------------
     0 | D:5      | theanonym the Mummy Delver began the quest for the Orb.
     0 | D:5      | Reached XP level 1. HP: 18/18 MP: 1/1
   134 | D:2      | Reached skill level 2 in Maces & Flails
   134 | D:2      | Reached XP level 2. HP: 24/24 MP: 2/2
   170 | D:2      | HP: 12/24 [worm (8)]
   770 | D:1      | Reached XP level 3. HP: 29/29 MP: 3/3
  1091 | D:1      | Found a sparkling altar of Nemelex Xobeh.
  1560 | D:2      | Reached skill level 3 in Maces & Flails
  1867 | D:2      | Reached XP level 4. HP: 30/35 MP: 4/4
  2172 | D:2      | HP: 12/35 [worm (8)]
  2182 | D:2      | HP: 7/35 [worm (6)]
  3031 | D:3      | Slain by a kobold

Vanquished Creatures
  4 adders
  3 gnolls (D:2)
  3 worms (D:2)
  2 leopard geckos (D:1)
  An orc (D:3)
  6 bats
  4 goblins
  3 hobgoblins (D:1)
  2 kobolds
  A quokka (D:1)
  A ball python (D:2)
  2 frilled lizards
  12 rats
44 creatures vanquished.

Table legend: (Time is in decaauts)
 A = Elapsed time spent in this place.
 B = Non-inter-level travel time spent in this place.
 C = Inter-level travel time spent in this place.
 D = Time resting spent in this place.
 E = Time spent auto-exploring this place.
 F = Levels seen in this place.
 G = Mean time per level.
                   A        B        C        D        E       F      G
               +--------+--------+--------+--------+--------+-----+--------+
         Total |   3080 |   2961 |    119 |    855 |   1402 |   5 |  616.0 |
       Dungeon |   3080 |   2961 |    119 |    855 |   1402 |   5 |  616.0 |
               +--------+--------+--------+--------+--------+-----+--------+

Top non-repeatable levels by time:
     D:2: 1673 daAuts
     D:1: 1185 daAuts
     D:3: 186 daAuts
     D:5: 26 daAuts
     D:4: 9 daAuts
